 Dungeon Crawl Stone Soup version 0.30-a0-860-g512cf1e979 (webtiles) character file.

Game seed: 16497700159651418767

4194 Jossarian the Thaumaturge (level 10, 0/44 HPs)
             Began as a Spriggan Conjurer on Mar 8, 2023.
             Was a Priest of Vehumet.
             Killed by divine providence
             ... invoked by an orc priest
              (9 damage)
             ... on level 8 of the Dungeon.
             The game lasted 01:52:21 (10968 turns).

Jossarian the Thaumaturge (Spriggan Conjurer)      Turns: 10968, Time: 01:52:24

Health: 0/44       AC:  3    Str:  3    XL:     10   Next: 8%
Magic:  14/26      EV: 17    Int: 24    God:    Vehumet [***...]
Gold:   15         SH:  0    Dex: 14    Spells: 7/31 levels left

rFire   . . .      SeeInvis +    v - staff of cold
rCold   + . .      Faith    .    (shield currently unavailable)
rNeg    . . .      Spirit   .    a - +1 robe
rPois   .          Reflect  .    (helmet restricted)
rElec   .          Rampage  .    (no cloak)
rCorr   .                        (gloves unavailable)
Will    +....                    (boots unavailable)
Stlth   +++                      q - amulet of the acrobat
HPRegen 0.27/turn                (no ring)
MPRegen 0.20/turn                (no ring)

@: very quick
A: very small, no large weapons, unfitting armour, see invisible, speed 3
a: Renounce Religion


You were on level 8 of the Dungeon.
You worshipped Vehumet.
Vehumet was most pleased with you.
You visited 1 branch of the dungeon, and saw 8 of its levels.

You collected 379 gold pieces.
You spent 364 gold pieces at shops.

Inventory:

Hand Weapons
 c - a +2 long sword of electrocution
 f - a +2 dagger of draining
Missiles
 g - 62 stones
 h - 10 poisoned darts (quivered)
 r - 3 throwing nets
 t - a curare-tipped dart
Armour
 a - a +1 robe (worn)
Magical Staves
 v - a staff of cold (weapon)
Jewellery
 q - an amulet of the acrobat (around neck)
Wands
 m - a wand of digging (4)
Scrolls
 i - a scroll of immolation {unknown}
 p - a scroll of teleportation
 u - 2 scrolls of magic mapping {unknown}
Potions
 b - 2 potions of magic
 d - 3 potions of lignification
 e - a potion of ambrosia
 j - 4 potions of curing
 k - a potion of flight {unknown}
 l - 4 potions of attraction
 n - a potion of berserk rage {unknown}
 o - a potion of might {unknown}
 s - a potion of degeneration {unknown}
 w - a potion of heal wounds
 x - a potion of cancellation {unknown}


   Skills:
 + Level 0.1 Fighting
 + Level 3.6 Throwing
 + Level 3.4 Dodging
 + Level 5.3 Stealth
 + Level 11.4 Spellcasting
 + Level 7.3 Conjurations
 + Level 2.8 Hexes
 + Level 3.1 Fire Magic
 + Level 1.2 Earth Magic


You had 7 spell levels left.
You knew the following spells:

 Your Spells              Type           Power      Damage    Failure   Level
a - Magic Dart            Conj           100%       1d8       1%          1
b - Searing Ray           Conj           96%        2d7       1%          2
c - Foxfire               Conj/Fire      100%       2x1d9     1%          1
d - Slow                  Hex            100%       N/A       1%          1
e - Sandblast             Erth           38%        2d10      1%          1
f - Fulminant Prism       Conj/Hex       19%        3d11      1%          4
g - Stone Arrow           Conj/Erth      68%        3d11      1%          3
h - Sticky Flame          Conj/Fire      38%        2d6       1%          4
i - Flame Wave            Conj/Fire      38%        2d10      1%          4
j - Inner Flame           Hex/Fire       28%        N/A       1%          3

Your spell library contained the following spells:

 Spells                   Type           Power      Damage    Failure   Level
 Hailstorm                Conj/Ice       46%        3d11      1%          3
 Dazzling Flash           Conj/Hex       76%        N/A       1%          3
 Iskenderun's Mystic Bla  Conj/Tloc      31%        2d8       2%          4
 Confusing Touch          Hex            27%        N/A       4%          3
 Vampiric Draining        Necr           13%        2d6       14%         3
 Animate Armour           Summ/Erth      32%        N/A       34%         4
 Borgnjor's Vile Clutch   Necr/Erth      8%         N/A       69%         5
 Alistair's Intoxication  Tmut/Pois      8%         N/A       77%         5
 Eringya's Noxious Bog    Tmut/Pois      6%         N/A       83%         6
 Lehudib's Crystal Spear  Conj/Erth      17%        10d5      100%        8


Dungeon Overview and Level Annotations

Branches:
Dungeon (8/15)             Temple (0/1) D:7
   Lair: D:8-11

Altars:
Elyvilon
Fedhas
Gozag
Makhleb
Qazlal
Ru
Trog
Uskayaw
Vehumet
Xom
Yredelemnul
Zin

Shops:
D:2 (   D:4 *   D:8 :

Annotations:
D:8 1 transporter


Innate Abilities, Weirdness & Mutations

You are very small and have problems with some larger weapons.
You are too small for most types of armour.
You have supernaturally acute eyesight. (SInv)
You cover ground extremely quickly. (Speed+++)


Message History

* * * LOW HITPOINT WARNING * * *
Things that are here:
a +0 dagger; a +0 robe The orc priest calls down the wrath of Beogh upon you.
Beogh smites you!
* * * LOW HITPOINT WARNING * * *
Blink to where?
Press: ? - help, Dir - move target, p - orc warrior
Okay, then.
Blink to where?
Press: ? - help, Dir - move target, p - orc warrior
As you read the scroll of blinking, it crumbles to dust.
You feel better.
Casting: Searing Ray (safe; 1% risk of failure)
Confirm with . or Enter, or press ? or * to list all spells.
Aiming: Sticky Flame (dangerous; 1% risk of failure)
Press: ? - help, Shift-Dir - straight line, f - orc priest
Aim: an orc priest, wielding a +6 broad axe of electrocution and wearing a +0 ring mail The sticky flame hits the orc priest!
The orc priest is heavily wounded.
The orc priest is covered in liquid flames!
The orc priest burns!
The orc priest barely misses you.
Casting: Sticky Flame (dangerous; 1% risk of failure)
Confirm with . or Enter, or press ? or * to list all spells.
Okay, then.
You barely miss the orc priest.
The orc priest is almost dead.
The orc priest burns!
You kill the orc priest!
Vehumet accepts your kill.
You feel your power returning.
Casting: Sticky Flame (dangerous; 1% risk of failure)
Confirm with . or Enter, or press ? or * to list all spells.
Aiming: Fulminant Prism (dangerous; 1% risk of failure)
Press: ? - help, Dir - move target You conjure a prism of explosive energy!
A fulminant prism comes into view.
The orc priest invokes the aid of Beogh against you.
Beogh smites you!
You die...

##.##..##.###############..#
##...#.....##.o..o.)..# #....
#..........#.oo#####...####..
##.........#o.)o#o#....#.....
##.....####o#.).o...#.###...
##......#.#.##.8o8.##.##....
#.........#*#..._...#©##.#..
##........#.##.8.8.##.#.###.
#.#......#@#......[#.#.....
###......#.).)#.#....#.....
#.......#...#####...#....#
#.......##.....o..o##.....
#...##...###########......
#...###.......©..........#
##...##..........#......##
#.....#..###....#####....#
##........###...# #.....#


You could see 2 orc warriors, 2 orc priests and a friendly fulminant prism.

Vanquished Creatures
  A two-headed ogre (D:7)
  A troll (D:8)
  A hornet (D:6)
  A wyvern (D:7)
  A wraith (D:6)
  2 steam dragons (D:7)
  2 water moccasins (D:6)
  An orc warrior (D:7)
  A sky beast (D:7)
  2 black bears
  A centaur (D:6)
  An ogre (D:8)
  2 phantoms (D:6)
  A kobold brigand (D:6)
  Blork the orc (D:6)
  2 gnoll sergeants
  A bullfrog (D:6)
  2 scorpions
  3 wights (D:6)
  3 howler monkeys (D:8)
  2 gnoll boudas
  4 hounds
  2 jellies
  5 orc priests (D:8)
  5 sleepcaps
  An iguana (D:6)
  7 orc wizards
  20 gnolls
  4 adders
  3 white imps
  An ufetubus (D:7)
  A worm (D:4)
  3 dart slugs
  24 orcs
  6 bats
  3 endoplasms
  A giant cockroach (D:2)
  8 goblins
  8 hobgoblins
  7 jackals
  5 kobolds
  4 quokkas
  8 ball pythons
  5 frilled lizards
  2 rats
  A fulminant prism (D:7)
170 creatures vanquished.

Vanquished Creatures (others)
  115 foxfires
  22 fulminant prisms
137 creatures vanquished.

Grand Total: 307 creatures vanquished

Notes
Turn   | Place    | Note
-------+----------+-------------------------------------------
     0 | D:1      | Jossarian the Spriggan Conjurer began the quest for the
                  | Orb.
     0 | D:1      | Reached XP level 1. HP: 9/9 MP: 5/5
   301 | D:1      | Reached XP level 2. HP: 13/13 MP: 3/6
   333 | D:1      | Learned a level 2 spell: Searing Ray
   713 | D:1      | Reached skill level 3 in Spellcasting
  1068 | D:2      | Reached XP level 3. HP: 16/16 MP: 4/8
  1530 | D:2      | Found Qamiqas's Weapon Emporium.
  1567 | D:2      | Reached XP level 4. HP: 21/21 MP: 1/9
  2402 | D:3      | Found a faded altar of an unknown god.
  2477 | D:3      | Found a basalt altar of Yredelemnul.
  2477 | D:3      | Found a sacrificial altar of Ru.
  2477 | D:3      | Found a glowing silver altar of Zin.
  2479 | D:3      | Found a radiant altar of Vehumet.
  2488 | D:3      | Became a worshipper of Vehumet
  3446 | D:4      | Reached XP level 5. HP: 24/24 MP: 3/11
  3864 | D:4      | Found Azul's General Store.
  4301 | D:4      | Reached skill level 5 in Conjurations
  4301 | D:4      | Reached XP level 6. HP: 28/28 MP: 8/12
  4375 | D:4      | Reached * piety under Vehumet
  4375 | D:4      | Offered knowledge of Foxfire by Vehumet.
  4376 | D:4      | Reached skill level 4 in Spellcasting
  4378 | D:4      | Learned a level 1 spell: Foxfire
  5060 | D:5      | Entered Level 5 of the Dungeon
  5134 | D:5      | Found a hide-covered altar of Uskayaw.
  5204 | D:5      | Found a blossoming altar of Fedhas.
  5205 | D:5      | Found a burning altar of Makhleb.
  5205 | D:5      | Found a stormy altar of Qazlal.
  5205 | D:5      | Found an opulent altar of Gozag.
  5205 | D:5      | Found a shimmering altar of Xom.
  5205 | D:5      | Found a bloodstained altar of Trog.
  5207 | D:5      | Found a white marble altar of Elyvilon.
  5574 | D:5      | Reached skill level 1 in Throwing
  5734 | D:5      | Reached XP level 7. HP: 32/32 MP: 6/15
  6050 | D:6      | Reached skill level 5 in Spellcasting
  6403 | D:6      | Noticed Blork the orc
  6416 | D:6      | Killed Blork the orc
  6521 | D:6      | Reached skill level 6 in Spellcasting
  6595 | D:6      | Reached skill level 1 in Fire Magic
  6795 | D:6      | Reached XP level 8. HP: 36/36 MP: 14/19
  6931 | D:6      | Reached skill level 7 in Spellcasting
  7297 | D:6      | Noticed a hornet
  7305 | D:6      | Learned a level 1 spell: Slow
  7334 | D:6      | Killed a hornet
  7335 | D:6      | Reached skill level 5 in Stealth
  7335 | D:6      | Reached skill level 8 in Spellcasting
  7652 | D:6      | Offered knowledge of Sandblast by Vehumet.
  7656 | D:6      | Reached ** piety under Vehumet
  7718 | D:6      | Learned a level 1 spell: Sandblast
  7894 | D:7      | Noticed a two-headed ogre
  8342 | D:7      | Killed a two-headed ogre
  8343 | D:7      | Reached skill level 9 in Spellcasting
  8343 | D:7      | Reached skill level 1 in Hexes
  8343 | D:7      | Reached XP level 9. HP: 39/39 MP: 11/23
  8414 | D:7      | Learned a level 4 spell: Fulminant Prism
  9299 | D:7      | Reached skill level 10 in Spellcasting
  9571 | D:7      | Learned a level 3 spell: Stone Arrow
  9672 | D:7      | Offered knowledge of Hailstorm by Vehumet.
  9826 | D:7      | Reached skill level 1 in Earth Magic
  9842 | D:7      | Found a staircase to the Ecumenical Temple.
 10072 | D:8      | Found a transporter.
 10268 | D:8      | Noticed a troll
 10287 | D:8      | Killed a troll
 10288 | D:8      | Reached skill level 11 in Spellcasting
 10451 | D:8      | Reached *** piety under Vehumet
 10579 | D:8      | Reached XP level 10. HP: 44/44 MP: 17/26
 10741 | D:8      | Found a transporter.
 10886 | D:8      | Found Cynooh's Book Shoppe.
 10897 | D:8      | Bought a book of Flames for 364 gold pieces
 10906 | D:8      | Learned a level 4 spell: Sticky Flame
 10911 | D:8      | Learned a level 4 spell: Flame Wave
 10915 | D:8      | Learned a level 3 spell: Inner Flame
 10963 | D:8      | HP: 1/44 [orc priest/divine providence (8)]
 10968 | D:8      | Killed from afar by an orc priest

Illustrated notes

Levels and vault maps discovered:
D:1:      psy_arrival_whirlpool, layout_loops_ring
D:2:      layout_loops_corners, serial_shops, shop
D:3:      layout_loops_corners, chequers_temple_overflow_statue_of_worship,
          hellmonk_ecumenical_altar_lost_god, fountainhead,
          guppyfry_early_lair_pool
D:4:      layout_basic, serial_shops, nicolae_shop_stone
D:5:      layout_loops_cross, grunt_temple_overflow_open
D:6:      layout_basic, grunt_decor_cap, uniq_blork_the_orc
D:7:      layout_cave_pools, minmay_temple_entry_nine_rooms, grunt_ministairs_11
D:8:      gammafunk_beogh_shrine, layout_cave_pools, serial_shops, shop

Skill      XL: |  1  2  3  4  5  6  7  8  9 |
---------------+----------------------------+-----
Conjurations   | 3 4 5 6 7 |  7.3
Spellcasting   | 3 4 6 9 11 | 11.4
Stealth        | 4 5 |  5.3
Throwing       | 1 2 3 |  3.6
Fire Magic     | 1 3 |  3.1
Dodging        | 3 |  3.4
Hexes          | 1 2 |  2.8
Earth Magic    | 1 |  1.2
Fighting       | |  0.1

Action                     |  1- 3 |  4- 6 |  7- 9 | 10-12 || total
---------------------------+-------+-------+-------+-------++-------
  Melee: Staff             |       |       |       |     1 ||     1
  Throw: Dart              |     1 |     6 |    36 |       ||    43
         Throwing net      |       |       |     1 |       ||     1
   Cast: Magic Dart        |    42 |    77 |    58 |     3 ||   180
         Searing Ray       |     7 |    22 |    52 |     3 ||    84
         Foxfire           |       |     8 |    54 |     3 ||    65
         Slow              |       |       |    17 |       ||    17
         Sandblast         |       |       |     5 |       ||     5
         Fulminant Prism   |       |       |    18 |     6 ||    24
         Stone Arrow       |       |       |     1 |       ||     1
         Sticky Flame      |       |       |       |     1 ||     1
    Use: Scroll            |     3 |     7 |     3 |     1 ||    14
         Potion            |       |       |     1 |     1 ||     2
 Armour: Robe              |     1 |       |     1 |       ||     2
  Dodge: Dodged            |     1 |     7 |    54 |     2 ||    64

Table legend: (Time is in decaauts)
 A = Elapsed time spent in this place.
 B = Non-inter-level travel time spent in this place.
 C = Inter-level travel time spent in this place.
 D = Time resting spent in this place.
 E = Time spent auto-exploring this place.
 F = Levels seen in this place.
 G = Mean time per level.
                   A        B        C        D        E       F      G
               +--------+--------+--------+--------+--------+-----+--------+
         Total |   8343 |   5160 |   3183 |   3578 |      0 |   8 | 1042.9 |
       Dungeon |   8343 |   5160 |   3183 |   3578 |      0 |   8 | 1042.9 |
               +--------+--------+--------+--------+--------+-----+--------+

Top non-repeatable levels by time:
     D:6: 1899 daAuts
     D:4: 1418 daAuts
     D:7: 1410 daAuts
     D:2: 783 daAuts
     D:1: 774 daAuts
     D:3: 729 daAuts
     D:5: 667 daAuts
     D:8: 661 daAuts
